Penguins vs Monsters
Created - April 10, 2022 at 19:56
Goals
|
Penguins |
1 |
1 |
2 |
4 |
Monsters |
1 |
3 |
2 |
6 |
|
Shots
|
Penguins |
10 |
15 |
12 |
37 |
Monsters |
15 |
15 |
9 |
39 |
|
1st period
1. Monsters , Christian Hanson 17 (Matt Calvert 22, Ondrej Kase 36) at 4:31 (PP)
2. Penguins , Josh Jooris 25 (Cedric Paquette 40, Christopher Tanev 9) at 19:55
Penalties :
Josh Jooris (Wil) for Interference (Minor) at 4:17, Josh Jooris (Wil) for Hooking (Minor) at 10:20
2nd period
3. Penguins , Cedric Paquette 16 (Andy Andreoff 20, Christopher Tanev 10) at 2:22 (SH)
4. Monsters , Matt Calvert 32 (Morgan Rielly 26, Aaron Ness 35) at 2:43 (PP)
5. Monsters , Joakim Nordstrom 11 (Matt Calvert 23, Aaron Ness 36) at 10:51
6. Monsters , Matt Calvert 33 (Ondrej Kase 37, Nathan Noel 1) at 12:34
Penalties :
Vince Hinostroza (Wil) for Holding (Minor) at 2:12, Vince Hinostroza (Wil) for Interference (Minor) at 5:40, Matt Grzelcyk (Cle) for Interference (Minor) at 19:17
3rd period
7. Monsters , Ryan Fitzgerald 8 (Mitch Marner 23) at 2:35
8. Penguins , Josh Jooris 26 (Cedric Paquette 41) at 5:02
9. Monsters , Ondrej Kase 25 (Christian Hanson 47) at 5:55 (PP)
10. Penguins , Josh Jooris 27 (Andy Andreoff 21, Cedric Paquette 42) at 16:12 (PP)
Penalties :
Adam Brooks (Wil) for High sticking (Minor) at 5:51, Matt Grzelcyk (Cle) for Hooking (Minor) at 7:09, Matt Grzelcyk (Cle) for Tripping (Minor) at 15:58, Christian Hanson (Cle) for Holding Stick (Minor) at 18:48
Goalie Stats
Anthony Stolarz (Wil), 33 saves from 39 shots - (0.846), L, 3-10-0, 60:00 minutes
Eric Comrie (Cle), 33 saves from 37 shots - (0.892), W, 15-7-2, 60:00 minutes
Players Stats for Penguins
Player Name G A P +/- PIM S H SB GA TA FO MP PP MP PK MP
------------------------------------------------------------------------------------
Adam Brooks 0 0 0 -1 2 0 1 0 0 0 4/7 10:36 0:00 0:00
Andrew O'Brien 0 0 0 3 0 3 2 0 1 0 0/0 28:01 3:06 2:55
Andy Andreoff 0 2 2 2 0 4 4 0 0 0 2/5 24:00 2:49 2:32
Anthony Beauvillier 0 0 0 0 0 1 1 0 0 0 1/1 7:01 0:00 0:00
Cedric Paquette 1 3 4 2 0 6 1 1 0 1 15/38 23:59 2:49 2:32
Christopher Tanev 0 2 2 3 0 1 1 1 0 2 0/0 28:01 3:06 2:55
Curtis Hamilton 0 0 0 -1 0 0 0 0 1 0 0/0 11:55 0:00 1:18
Dakota Mermis 0 0 0 -1 0 1 0 1 0 0 0/0 20:13 2:17 1:52
Danny Biega 0 0 0 -1 0 1 2 1 0 0 0/0 20:13 2:17 1:52
Denis Malgin 0 0 0 0 0 2 1 0 0 0 0/0 8:00 0:00 0:58
Frederick Gaudreau 0 0 0 -1 0 3 1 1 0 0 5/11 17:24 2:34 1:17
Gavin Bayreuther 0 0 0 -2 0 1 0 0 0 0 0/0 11:46 0:00 0:00
Iven Barbashev 0 0 0 -1 0 0 0 0 0 0 0/0 10:37 0:00 0:00
John Marino 0 0 0 -2 0 1 0 2 0 3 0/0 11:46 0:00 0:00
Josh Jooris 3 0 3 1 4 8 5 0 2 0 1/3 21:26 2:49 0:00
Juuso Ikonen 0 0 0 0 0 0 0 0 0 0 0/0 7:01 0:00 0:00
Kyle Connor 0 0 0 -1 0 1 3 0 0 0 1/3 17:04 2:34 0:57
Vince Hinostroza 0 0 0 -1 4 4 2 0 2 0 1/1 16:05 2:34 0:00
Players Stats for Monsters
Player Name G A P +/- PIM S H SB GA TA FO MP PP MP PK MP
------------------------------------------------------------------------------------
Aaron Ness 0 2 2 -1 0 2 2 0 0 0 0/0 29:56 3:06 4:15
Austin Watson 0 0 0 0 0 2 1 0 0 0 0/0 18:04 1:55 1:34
Bobby Farnham 0 0 0 0 0 2 2 0 0 0 0/0 11:43 0:09 0:00
Christian Hanson 1 1 2 0 2 2 3 1 0 0 18/32 23:19 2:43 2:54
Dillon Heatherington 0 0 0 2 0 1 3 0 0 1 0/0 20:08 1:41 2:16
Francis Perron 0 0 0 0 0 0 1 0 0 0 1/1 2:46 0:09 0:13
Joakim Nordstrom 1 0 1 0 0 4 3 0 0 1 1/1 12:53 0:00 1:29
Matt Calvert 2 2 4 0 0 9 0 0 2 1 7/10 23:48 2:46 3:19
Matt Grzelcyk 0 0 0 2 6 0 1 0 0 0 0/0 18:22 1:41 0:33
Maxim Mamin 0 0 0 0 0 1 2 0 0 0 5/7 11:56 0:00 0:33
Mitch Marner 0 1 1 0 0 1 1 0 0 0 0/1 16:51 1:55 0:22
Morgan Rielly 0 1 1 -1 0 3 2 0 1 0 0/0 28:40 3:06 3:15
Nathan Noel 0 1 1 0 0 0 1 0 0 0 0/0 5:58 0:00 0:00
Ondrej Kase 1 2 3 0 0 6 2 1 1 1 1/1 20:40 2:43 0:22
Patrik Laine 0 0 0 0 0 0 1 0 1 0 0/0 5:58 0:00 0:00
Richard Nejezchleb 0 0 0 -1 0 1 0 0 1 0 0/0 15:07 0:06 0:00
Ryan Fitzgerald 1 0 1 0 0 3 2 1 0 1 6/16 16:29 1:55 0:00
Tarmo Reunanen 0 0 0 -1 0 2 0 0 0 1 0/0 11:55 0:00 0:27
3 Stars
1 - Matt Calvert (Cle)
2 - Cedric Paquette (Wil)
3 - Josh Jooris (Wil)
Power Play
Penguins - 1 on 4 Attempt(s) - 25.00%
Monsters - 3 on 5 Attempt(s) - 60.00%
Penalty Kill
Penguins - 2 on 5 Attempt(s) - 40.00%
- Score 1 goal in Penalty Kill
Monsters - 3 on 4 Attempt(s) - 75.00%
- Score 0 goal in Penalty Kill
Team Stat
Penguins - Hits : 24 - Faceoff Wins : 30 - Blocked Shots : 7 - Penalty Minutes : 10
Monsters - Hits : 27 - Faceoff Wins : 39 - Blocked Shots : 3 - Penalty Minutes : 8
Official
Referees : Wes McCauley and Tim Peel
Linesman : Pierre Racicot and Kiel Murchison
Game Notes
Josh Jooris has scored a Hat Trick!
Finance
Level 1 -- Attendance: 1721 (86.05%) -- Ticket Income $60,235
Level 2 -- Attendance: 877 (87.70%) -- Ticket Income $13,155
Total Attendance: 2598 (86.60%)
Total Ticket Income: $73,390
Other Income: $3,670
Total Income: $77,060
Penguins
5 vs 5 Forward
Center Left Wing Right Wing Time % Phy DF OF
1 Cedric Paquette Andy Andreoff Josh Jooris 40 1 2 2
2 Frederick Gaudreau Kyle Connor Vince Hinostroza 30 1 2 2
3 Adam Brooks Curtis Hamilton Iven Barbashev 20 1 2 2
4 Denis Malgin Juuso Ikonen Anthony Beauvillier 10 1 2 2
5 vs 5 Defense
Defense Defense Time % Phy DF OF
1 Christopher Tanev Andrew O'Brien 40 1 2 2
2 Dakota Mermis Danny Biega 30 1 2 2
3 Gavin Bayreuther John Marino 20 1 2 2
4 Christopher Tanev Andrew O'Brien 10 1 2 2
PowerPlay Forward
Center Left Wing Right Wing Time % Phy DF OF
1 Cedric Paquette Andy Andreoff Josh Jooris 60 1 2 2
2 Frederick Gaudreau Kyle Connor Vince Hinostroza 40 1 2 2
PowerPlay Defense
Defense Defense Time % Phy DF OF
1 Christopher Tanev Andrew O'Brien 60 1 2 2
2 Dakota Mermis Danny Biega 40 1 2 2
Penalty Kill 4 Players Forward
Center Wing Time % Phy DF OF
1 Cedric Paquette Andy Andreoff 60 1 2 2
2 Frederick Gaudreau Kyle Connor 40 1 2 2
Penalty Kill 4 Players Defense
Defense Defense Time % Phy DF OF
1 Christopher Tanev Andrew O'Brien 60 1 2 2
2 Dakota Mermis Danny Biega 40 1 2 2
Penalty Kill - 3 Players Forward
Forward Time % Phy DF OF
1 Cedric Paquette 60 1 2 2
2 Frederick Gaudreau 40 1 2 2
Penalty Kill - 3 Players Defense
Defense Defense Time % Phy DF OF
1 Christopher Tanev Andrew O'Brien 60 1 2 2
2 Dakota Mermis Danny Biega 40 1 2 2
4 vs 4 Forward
Center Wing Time % Phy DF OF
1 Cedric Paquette Andy Andreoff 60 1 2 2
2 Frederick Gaudreau Kyle Connor 40 1 2 2
4 vs 4 Defense
Defense Defense Time % Phy DF OF
1 Christopher Tanev Andrew O'Brien 60 1 2 2
2 Dakota Mermis Danny Biega 40 1 2 2
Last Minutes Offensive
Center Left Wing Right Wing Defense Defense
Cedric Paquette Andy Andreoff Josh Jooris Christopher Tanev Andrew O'Brien
Last Minutes Defensive
Center Left Wing Right Wing Defense Defense
Cedric Paquette Andy Andreoff Josh Jooris Christopher Tanev Andrew O'Brien
Goaltenders
Starting : Anthony Stolarz
Backup : Connor Hellebyuk
Extra Forwards
Normal : Frederick Gaudreau, Iven Barbashev, Kyle Connor - PP : Frederick Gaudreau, Iven Barbashev - PK : Frederick Gaudreau
Extra Defensemen
Normal : Danny Biega, Gavin Bayreuther, John Marino - PP : Danny Biega - PK : Danny Biega, Gavin Bayreuther
Penalty Shots
Josh Jooris, Andy Andreoff, Vince Hinostroza, Cedric Paquette, Frederick Gaudreau
Scratches
Brett Pollock (Healthy), Josh Ho-Sang (Healthy), Matthew Finn (Healthy), Max Gortz (Healthy), Raphael Bussieres (Healthy)
Sam Kurker (Healthy), Steven Spinner (Healthy), William Nylander (Right Knee Injury), German Rubtsov (Healthy)
Monsters
5 vs 5 Forward
Center Left Wing Right Wing Time % Phy DF OF
1 Christian Hanson Matt Calvert Ondrej Kase 40 1 2 2
2 Ryan Fitzgerald Austin Watson Mitch Marner 30 1 2 2
3 Maxim Mamin Joakim Nordstrom Bobby Farnham 20 1 2 2
4 Nathan Noel Patrik Laine Richard Nejezchleb 10 1 2 2
5 vs 5 Defense
Defense Defense Time % Phy DF OF
1 Morgan Rielly Aaron Ness 40 1 2 2
2 Dillon Heatherington Matt Grzelcyk 30 1 2 2
3 Tarmo Reunanen Richard Nejezchleb 20 1 2 2
4 Morgan Rielly Aaron Ness 10 1 2 2
PowerPlay Forward
Center Left Wing Right Wing Time % Phy DF OF
1 Christian Hanson Matt Calvert Ondrej Kase 60 1 2 2
2 Ryan Fitzgerald Austin Watson Mitch Marner 40 1 2 2
PowerPlay Defense
Defense Defense Time % Phy DF OF
1 Morgan Rielly Aaron Ness 60 1 2 2
2 Dillon Heatherington Matt Grzelcyk 40 1 2 2
Penalty Kill 4 Players Forward
Center Wing Time % Phy DF OF
1 Matt Calvert Christian Hanson 60 1 2 2
2 Ondrej Kase Mitch Marner 40 1 2 2
Penalty Kill 4 Players Defense
Defense Defense Time % Phy DF OF
1 Morgan Rielly Aaron Ness 60 1 2 2
2 Dillon Heatherington Matt Grzelcyk 40 1 2 2
Penalty Kill - 3 Players Forward
Forward Time % Phy DF OF
1 Matt Calvert 60 1 2 2
2 Christian Hanson 40 1 2 2
Penalty Kill - 3 Players Defense
Defense Defense Time % Phy DF OF
1 Morgan Rielly Aaron Ness 60 1 2 2
2 Dillon Heatherington Matt Grzelcyk 40 1 2 2
4 vs 4 Forward
Center Wing Time % Phy DF OF
1 Matt Calvert Christian Hanson 60 1 2 2
2 Ondrej Kase Mitch Marner 40 1 2 2
4 vs 4 Defense
Defense Defense Time % Phy DF OF
1 Morgan Rielly Aaron Ness 60 1 2 2
2 Dillon Heatherington Matt Grzelcyk 40 1 2 2
Last Minutes Offensive
Center Left Wing Right Wing Defense Defense
Christian Hanson Matt Calvert Ondrej Kase Morgan Rielly Aaron Ness
Last Minutes Defensive
Center Left Wing Right Wing Defense Defense
Christian Hanson Matt Calvert Ondrej Kase Morgan Rielly Aaron Ness
Goaltenders
Starting : Eric Comrie
Backup : Phoenix Copley
Extra Forwards
Normal : Francis Perron, Bobby Farnham, Joakim Nordstrom - PP : Francis Perron, Bobby Farnham - PK : Joakim Nordstrom
Extra Defensemen
Normal : Tarmo Reunanen, Dillon Heatherington, Matt Grzelcyk - PP : Tarmo Reunanen - PK : Dillon Heatherington, Matt Grzelcyk
Penalty Shots
Matt Calvert, Christian Hanson, Ondrej Kase, Mitch Marner, Bobby Farnham
Scratches
Cameron Hughes (Healthy), Jared Knight (Healthy), Victor Mete (Left Hand Injury), Marc Michaelis (Healthy), Peyton Jones (Healthy)
% Time on Ice - Penguins
Lines # - Real PCT - Wanted PCT - Time Play
Normal Forward
1 - 37% - 40% - 18:39
2 - 27% - 30% - 13:33
3 - 21% - 20% - 10:37
4 - 14% - 10% - 7:01
Normal Defense
1 - 38% - 40% - 19:10
2 - 32% - 30% - 16:04
3 - 24% - 20% - 11:46
4 - 6% - 10% - 2:50
PP Forward
1 - 52% - 60% - 2:49
2 - 48% - 40% - 2:34
PP Defense
1 - 58% - 60% - 3:06
2 - 42% - 40% - 2:17
PK Forward
1 - 80% - 60% - 3:50
2 - 20% - 40% - 0:57
PK Defense
1 - 61% - 60% - 2:55
2 - 39% - 40% - 1:52
PK3 Forward
1 - 0% - 60%
2 - 0% - 40%
PK3 Defense
1 - 0% - 60%
2 - 0% - 40%
44 Forward
1 - 0% - 60%
2 - 0% - 40%
44 Defense
1 - 0% - 60%
2 - 0% - 40%
Last Minute Offensive - 0:00
Last Minute Defensive - 0:00
Total
Forward - 60:00
Defense - 60:00
|
% Time on Ice - Monsters
Lines # - Real PCT - Wanted PCT - Time Play
Normal Forward
1 - 36% - 40% - 17:55
2 - 29% - 30% - 14:34
3 - 23% - 20% - 11:23
4 - 12% - 10% - 5:58
Normal Defense
1 - 39% - 40% - 19:33
2 - 33% - 30% - 16:23
3 - 23% - 20% - 11:28
4 - 5% - 10% - 2:26
PP Forward
1 - 60% - 60% - 2:52
2 - 40% - 40% - 1:55
PP Defense
1 - 65% - 60% - 3:06
2 - 35% - 40% - 1:41
PK Forward
1 - 93% - 60% - 5:01
2 - 7% - 40% - 0:22
PK Defense
1 - 60% - 60% - 3:15
2 - 40% - 40% - 2:08
PK3 Forward
1 - 0% - 60%
2 - 0% - 40%
PK3 Defense
1 - 0% - 60%
2 - 0% - 40%
44 Forward
1 - 0% - 60%
2 - 0% - 40%
44 Defense
1 - 0% - 60%
2 - 0% - 40%
Last Minute Offensive - 0:00
Last Minute Defensive - 0:00
Total
Forward - 60:00
Defense - 60:00
|
Play-by-Play
1st period
0:01 of 1st period - Andy Andreoff wins face-off versus Matt Calvert in neutral zone.
0:30 of 1st period - Wrist shot by Morgan Rielly.
0:30 of 1st period - Shot Blocked by Christopher Tanev.
0:32 of 1st period - Wrist shot by Morgan Rielly.
0:32 of 1st period - Stopped by Anthony Stolarz without a rebound.
0:33 of 1st period - Maxim Mamin wins face-off versus Kyle Connor in Penguins zone.
0:54 of 1st period - Wrist shot by Vince Hinostroza.
0:54 of 1st period - Stopped by Eric Comrie with a rebound.
0:56 of 1st period - Slapshot by Vince Hinostroza.
0:56 of 1st period - Deflect By Kyle Connor.
0:56 of 1st period - Shot Misses the Net.
0:56 of 1st period - Puck is out of play.
0:57 of 1st period - Francis Perron wins face-off versus Adam Brooks in Monsters zone.
1:16 of 1st period - Tarmo Reunanen is hit by Adam Brooks and loses puck.
1:35 of 1st period - Snap shot by Matt Calvert.
1:35 of 1st period - Stopped by Anthony Stolarz with a rebound.
1:37 of 1st period - Snap shot by Christian Hanson.
1:37 of 1st period - Shot Hit the Post.
1:39 of 1st period - Snap shot by Ondrej Kase.
1:39 of 1st period - Stopped by Anthony Stolarz without a rebound.
1:40 of 1st period - Anthony Beauvillier wins face-off versus Ryan Fitzgerald in Penguins zone.
1:40 of 1st period - Anthony Beauvillier is hit by Ryan Fitzgerald.
2:06 of 1st period - Aaron Ness is hit by Andy Andreoff and loses puck.
3:10 of 1st period - Anthony Beauvillier is hit by Mitch Marner and loses puck.
3:19 of 1st period - Mitch Marner is hit by Anthony Beauvillier and loses puck.
3:30 of 1st period - Christopher Tanev is hit by Aaron Ness.
3:34 of 1st period - Matt Calvert is hit by Cedric Paquette and loses puck.
3:41 of 1st period - Snap shot by Matt Calvert.
3:41 of 1st period - Stopped by Anthony Stolarz without a rebound.
3:42 of 1st period - Maxim Mamin wins face-off versus Frederick Gaudreau in Penguins zone.
3:51 of 1st period - Snap shot by Joakim Nordstrom.
3:51 of 1st period - Shot Hit the Post.
3:53 of 1st period - Wrist shot by Bobby Farnham.
3:53 of 1st period - Stopped by Anthony Stolarz with a rebound.
4:15 of 1st period - Wrist shot by Matt Calvert.
4:15 of 1st period - Stopped by Anthony Stolarz with a rebound.
4:17 of 1st period - Minor Penalty to Josh Jooris for Interference.
4:18 of 1st period - Christian Hanson wins face-off versus Cedric Paquette in Penguins zone.
4:21 of 1st period - Wrist shot by Ondrej Kase.
4:21 of 1st period - Stopped by Anthony Stolarz with a rebound.
4:31 of 1st period - Wrist shot by Christian Hanson.
4:31 of 1st period - Goal by Christian Hanson - Penguins : 0 - Monsters : 1.
4:32 of 1st period - Cedric Paquette wins face-off versus Ryan Fitzgerald in neutral zone.
5:26 of 1st period - Wrist shot by Cedric Paquette.
5:26 of 1st period - Stopped by Eric Comrie with a rebound.
5:28 of 1st period - Snap shot by Josh Jooris.
5:28 of 1st period - Stopped by Eric Comrie with a rebound.
5:30 of 1st period - Slapshot by John Marino.
5:30 of 1st period - Stopped by Eric Comrie without a rebound.
5:31 of 1st period - Ryan Fitzgerald wins face-off versus Frederick Gaudreau in Monsters zone.
5:31 of 1st period - Ryan Fitzgerald is hit by Vince Hinostroza.
5:39 of 1st period - Icing by Christopher Tanev.
5:40 of 1st period - Frederick Gaudreau wins face-off versus Ryan Fitzgerald in Penguins zone.
5:47 of 1st period - Wrist shot by Kyle Connor.
5:47 of 1st period - Shot Misses the Net.
5:49 of 1st period - Slapshot by Christopher Tanev.
5:49 of 1st period - Shot Misses the Net.
5:51 of 1st period - Slapshot by Christopher Tanev.
5:51 of 1st period - Shot Blocked by Ryan Fitzgerald.
5:53 of 1st period - Wrist shot by Vince Hinostroza.
5:53 of 1st period - Stopped by Eric Comrie without a rebound.
5:54 of 1st period - Adam Brooks wins face-off versus Christian Hanson in Monsters zone.
5:55 of 1st period - Wrist shot by Iven Barbashev.
5:55 of 1st period - Shot Blocked by Christian Hanson.
6:43 of 1st period - Dakota Mermis is hit by Joakim Nordstrom and loses puck.
6:48 of 1st period - Snap shot by Bobby Farnham.
6:48 of 1st period - Deflect By Maxim Mamin.
6:48 of 1st period - Stopped by Anthony Stolarz without a rebound.
6:49 of 1st period - Adam Brooks wins face-off versus Christian Hanson in Penguins zone.
6:49 of 1st period - Adam Brooks is hit by Aaron Ness.
6:55 of 1st period - Matt Calvert is hit by Danny Biega and loses puck.
8:41 of 1st period - Wrist shot by Vince Hinostroza.
8:41 of 1st period - Stopped by Eric Comrie without a rebound.
8:42 of 1st period - Frederick Gaudreau wins face-off versus Christian Hanson in Monsters zone.
8:57 of 1st period - Snap shot by Vince Hinostroza.
8:57 of 1st period - Deflect By Frederick Gaudreau.
8:57 of 1st period - Stopped by Eric Comrie with a rebound.
8:59 of 1st period - Snap shot by Frederick Gaudreau.
8:59 of 1st period - Shot Misses the Net.
9:01 of 1st period - Wrist shot by Vince Hinostroza.
9:01 of 1st period - Shot Blocked by Ondrej Kase.
9:03 of 1st period - Wrist shot by Frederick Gaudreau.
9:03 of 1st period - Stopped by Eric Comrie without a rebound.
9:04 of 1st period - Cedric Paquette wins face-off versus Ryan Fitzgerald in Monsters zone.
9:16 of 1st period - Icing by Austin Watson.
9:17 of 1st period - Cedric Paquette wins face-off versus Ryan Fitzgerald in Monsters zone.
9:57 of 1st period - Snap shot by Mitch Marner.
9:57 of 1st period - Shot Misses the Net.
10:03 of 1st period - Slapshot by Austin Watson.
10:03 of 1st period - Shot Misses the Net.
10:05 of 1st period - Slapshot by Aaron Ness.
10:05 of 1st period - Shot Misses the Net.
10:11 of 1st period - Snap shot by Austin Watson.
10:11 of 1st period - Stopped by Anthony Stolarz without a rebound.
10:12 of 1st period - Christian Hanson wins face-off versus Josh Jooris in Penguins zone.
10:13 of 1st period - Wrist shot by Matt Calvert.
10:13 of 1st period - Stopped by Anthony Stolarz with a rebound.
10:15 of 1st period - Snap shot by Christian Hanson.
10:15 of 1st period - Shot Misses the Net.
10:17 of 1st period - Wrist shot by Ondrej Kase.
10:17 of 1st period - Stopped by Anthony Stolarz without a rebound.
10:18 of 1st period - Christian Hanson wins face-off versus Cedric Paquette in Penguins zone.
10:20 of 1st period - Minor Penalty to Josh Jooris for Hooking.
10:21 of 1st period - Cedric Paquette wins face-off versus Christian Hanson in Penguins zone.
10:53 of 1st period - Slapshot by Aaron Ness.
10:53 of 1st period - Shot Misses the Net.
12:20 of 1st period - Penalty to Josh Jooris is over, Josh Jooris is back on ice.
13:53 of 1st period - Austin Watson is hit by Kyle Connor and loses puck.
14:14 of 1st period - Joakim Nordstrom is hit by Josh Jooris and loses puck.
14:56 of 1st period - Danny Biega is hit by Francis Perron and loses puck.
15:16 of 1st period - Bobby Farnham is hit by Christopher Tanev and loses puck.
15:27 of 1st period - Frederick Gaudreau is hit by Christian Hanson.
16:23 of 1st period - Josh Jooris is hit by Morgan Rielly and loses puck.
16:31 of 1st period - Icing by Cedric Paquette.
16:32 of 1st period - Cedric Paquette wins face-off versus Ryan Fitzgerald in Penguins zone.
16:42 of 1st period - Christopher Tanev is hit by Dillon Heatherington and loses puck.
17:15 of 1st period - Icing by John Marino.
17:16 of 1st period - Cedric Paquette wins face-off versus Maxim Mamin in Penguins zone.
17:31 of 1st period - Snap shot by Curtis Hamilton.
17:31 of 1st period - Deflect By Iven Barbashev.
17:31 of 1st period - Shot Misses the Net.
17:31 of 1st period - Puck is out of play.
17:32 of 1st period - Ondrej Kase wins face-off versus Cedric Paquette in Monsters zone.
17:42 of 1st period - Snap shot by Christian Hanson.
17:42 of 1st period - Stopped by Anthony Stolarz with a rebound.
17:48 of 1st period - Wrist shot by Cedric Paquette.
17:48 of 1st period - Stopped by Eric Comrie with a rebound.
18:06 of 1st period - Snap shot by Vince Hinostroza.
18:06 of 1st period - Shot Misses the Net.
18:08 of 1st period - Slapshot by Frederick Gaudreau.
18:08 of 1st period - Shot Misses the Net.
18:28 of 1st period - Wrist shot by Joakim Nordstrom.
18:28 of 1st period - Stopped by Anthony Stolarz without a rebound.
18:29 of 1st period - Christian Hanson wins face-off versus Cedric Paquette in Penguins zone.
18:42 of 1st period - Danny Biega is hit by Dillon Heatherington.
19:45 of 1st period - Snap shot by Joakim Nordstrom.
19:45 of 1st period - Stopped by Anthony Stolarz without a rebound.
19:46 of 1st period - Cedric Paquette wins face-off versus Maxim Mamin in Penguins zone.
19:55 of 1st period - Snap shot by Josh Jooris.
19:55 of 1st period - Goal by Josh Jooris - Penguins : 1 - Monsters : 1.
19:56 of 1st period - Christian Hanson wins face-off versus Cedric Paquette in neutral zone.
Goals for this period are 1 for Penguins vs 1 for Monsters.
Shots for this period are 10 for Penguins vs 15 for Monsters.
2nd period
0:01 of 2nd period - Christian Hanson wins face-off versus Cedric Paquette in neutral zone.
0:03 of 2nd period - Off-side.
0:04 of 2nd period - Cedric Paquette wins face-off versus Christian Hanson in neutral zone.
0:16 of 2nd period - Andy Andreoff is hit by Morgan Rielly and loses puck.
0:49 of 2nd period - Danny Biega is hit by Joakim Nordstrom and loses puck.
1:55 of 2nd period - Snap shot by Mitch Marner.
1:55 of 2nd period - Shot Misses the Net.
2:12 of 2nd period - Minor Penalty to Vince Hinostroza for Holding.
2:13 of 2nd period - Christian Hanson wins face-off versus Andy Andreoff in Penguins zone.
2:14 of 2nd period - Snap shot by Ondrej Kase.
2:14 of 2nd period - Stopped by Anthony Stolarz with a rebound.
2:22 of 2nd period - Wrist shot by Cedric Paquette.
2:22 of 2nd period - Goal by Cedric Paquette - Penguins : 2 - Monsters : 1.
2:23 of 2nd period - Christian Hanson wins face-off versus Cedric Paquette in neutral zone.
2:28 of 2nd period - Snap shot by Matt Calvert.
2:28 of 2nd period - Stopped by Anthony Stolarz without a rebound.
2:29 of 2nd period - Christian Hanson wins face-off versus Andy Andreoff in Penguins zone.
2:43 of 2nd period - Backhand shot by Morgan Rielly.
2:43 of 2nd period - Deflect By Matt Calvert.
2:43 of 2nd period - Goal by Matt Calvert - Penguins : 2 - Monsters : 2.
2:44 of 2nd period - Christian Hanson wins face-off versus Cedric Paquette in neutral zone.
3:17 of 2nd period - Slapshot by Cedric Paquette.
3:17 of 2nd period - Shot Misses the Net.
3:19 of 2nd period - Slapshot by Christopher Tanev.
3:19 of 2nd period - Stopped by Eric Comrie with a rebound.
3:21 of 2nd period - Wrist shot by Cedric Paquette.
3:21 of 2nd period - Stopped by Eric Comrie with a rebound.
3:27 of 2nd period - Snap shot by Andy Andreoff.
3:27 of 2nd period - Stopped by Eric Comrie without a rebound.
3:28 of 2nd period - Vince Hinostroza wins face-off versus Christian Hanson in Monsters zone.
3:55 of 2nd period - Aaron Ness is hit by Danny Biega and loses puck.
4:36 of 2nd period - Slapshot by Kyle Connor.
4:36 of 2nd period - Stopped by Eric Comrie with a rebound.
4:38 of 2nd period - Wrist shot by Cedric Paquette.
4:38 of 2nd period - Stopped by Eric Comrie without a rebound.
4:39 of 2nd period - Josh Jooris wins face-off versus Christian Hanson in Monsters zone.
4:48 of 2nd period - Wrist shot by Andy Andreoff.
4:48 of 2nd period - Stopped by Eric Comrie without a rebound.
4:49 of 2nd period - Cedric Paquette wins face-off versus Christian Hanson in Monsters zone.
5:33 of 2nd period - Wrist shot by Christian Hanson.
5:33 of 2nd period - Shot Misses the Net.
5:35 of 2nd period - Slapshot by Dillon Heatherington.
5:35 of 2nd period - Stopped by Anthony Stolarz without a rebound.
5:36 of 2nd period - Ryan Fitzgerald wins face-off versus Frederick Gaudreau in Penguins zone.
5:40 of 2nd period - Minor Penalty to Vince Hinostroza for Interference.
5:41 of 2nd period - Ryan Fitzgerald wins face-off versus Cedric Paquette in Penguins zone.
6:07 of 2nd period - Matt Calvert is hit by Kyle Connor and loses puck.
7:08 of 2nd period - Danny Biega is hit by Christian Hanson and loses puck.
7:40 of 2nd period - Penalty to Vince Hinostroza is over, Vince Hinostroza is back on ice.
8:29 of 2nd period - Slapshot by Joakim Nordstrom.
8:29 of 2nd period - Stopped by Anthony Stolarz with a rebound.
8:41 of 2nd period - Slapshot by John Marino.
8:41 of 2nd period - Deflect By Vince Hinostroza.
8:41 of 2nd period - Stopped by Eric Comrie without a rebound.
8:42 of 2nd period - Frederick Gaudreau wins face-off versus Christian Hanson in Monsters zone.
8:45 of 2nd period - Snap shot by Vince Hinostroza.
8:45 of 2nd period - Shot Misses the Net.
8:53 of 2nd period - Snap shot by Matt Calvert.
8:53 of 2nd period - Stopped by Anthony Stolarz with a rebound.
9:09 of 2nd period - Christopher Tanev is hit by Joakim Nordstrom and loses puck.
9:36 of 2nd period - Slapshot by Iven Barbashev.
9:36 of 2nd period - Shot Misses the Net.
9:38 of 2nd period - Slapshot by Andrew O'Brien.
9:38 of 2nd period - Stopped by Eric Comrie with a rebound.
9:50 of 2nd period - Snap shot by Christian Hanson.
9:50 of 2nd period - Shot Blocked by Frederick Gaudreau.
10:51 of 2nd period - Snap shot by Joakim Nordstrom.
10:51 of 2nd period - Goal by Joakim Nordstrom - Penguins : 2 - Monsters : 3.
10:52 of 2nd period - Cedric Paquette wins face-off versus Christian Hanson in neutral zone.
11:03 of 2nd period - Slapshot by Andy Andreoff.
11:03 of 2nd period - Shot Misses the Net.
11:05 of 2nd period - Snap shot by Cedric Paquette.
11:05 of 2nd period - Deflect By Josh Jooris.
11:05 of 2nd period - Shot Misses the Net.
11:05 of 2nd period - Puck is out of play.
11:06 of 2nd period - Christian Hanson wins face-off versus Frederick Gaudreau in Monsters zone.
11:40 of 2nd period - Morgan Rielly is hit by Andy Andreoff and loses puck.
12:20 of 2nd period - Snap shot by Denis Malgin.
12:20 of 2nd period - Stopped by Eric Comrie with a rebound.
12:22 of 2nd period - Slapshot by Danny Biega.
12:22 of 2nd period - Shot Misses the Net.
12:32 of 2nd period - Wrist shot by Ondrej Kase.
12:32 of 2nd period - Stopped by Anthony Stolarz with a rebound.
12:34 of 2nd period - Slapshot by Matt Calvert.
12:34 of 2nd period - Goal by Matt Calvert - Penguins : 2 - Monsters : 4.
12:35 of 2nd period - Christian Hanson wins face-off versus Andy Andreoff in neutral zone.
13:10 of 2nd period - Slapshot by Aaron Ness.
13:10 of 2nd period - Deflect By Austin Watson.
13:10 of 2nd period - Shot Misses the Net.
13:10 of 2nd period - Puck is out of play.
13:11 of 2nd period - Cedric Paquette wins face-off versus Christian Hanson in Penguins zone.
14:00 of 2nd period - Wrist shot by Maxim Mamin.
14:00 of 2nd period - Shot Misses the Net.
14:02 of 2nd period - Snap shot by Aaron Ness.
14:02 of 2nd period - Stopped by Anthony Stolarz without a rebound.
14:03 of 2nd period - Maxim Mamin wins face-off versus Cedric Paquette in Penguins zone.
14:12 of 2nd period - Snap shot by Bobby Farnham.
14:12 of 2nd period - Stopped by Anthony Stolarz without a rebound.
14:13 of 2nd period - Andy Andreoff wins face-off versus Christian Hanson in Penguins zone.
14:30 of 2nd period - Backhand shot by Andy Andreoff.
14:30 of 2nd period - Stopped by Eric Comrie with a rebound.
14:58 of 2nd period - Snap shot by Andy Andreoff.
14:58 of 2nd period - Stopped by Eric Comrie without a rebound.
14:59 of 2nd period - Frederick Gaudreau wins face-off versus Ryan Fitzgerald in Monsters zone.
15:11 of 2nd period - Wrist shot by Ryan Fitzgerald.
15:11 of 2nd period - Stopped by Anthony Stolarz with a rebound.
15:13 of 2nd period - Slapshot by Tarmo Reunanen.
15:13 of 2nd period - Stopped by Anthony Stolarz without a rebound.
15:14 of 2nd period - Maxim Mamin wins face-off versus Adam Brooks in Penguins zone.
15:50 of 2nd period - Slapshot by Mitch Marner.
15:50 of 2nd period - Stopped by Anthony Stolarz without a rebound.
15:51 of 2nd period - Christian Hanson wins face-off versus Cedric Paquette in Penguins zone.
15:52 of 2nd period - Snap shot by Ondrej Kase.
15:52 of 2nd period - Shot Misses the Net.
16:00 of 2nd period - Aaron Ness is hit by Josh Jooris and loses puck.
16:21 of 2nd period - Slapshot by Aaron Ness.
16:21 of 2nd period - Shot Misses the Net.
16:23 of 2nd period - Slapshot by Aaron Ness.
16:23 of 2nd period - Shot Misses the Net.
16:25 of 2nd period - Slapshot by Aaron Ness.
16:25 of 2nd period - Shot Blocked by Danny Biega.
16:46 of 2nd period - Snap shot by Bobby Farnham.
16:46 of 2nd period - Shot Misses the Net.
17:22 of 2nd period - Icing by Andrew O'Brien.
17:23 of 2nd period - Cedric Paquette wins face-off versus Ryan Fitzgerald in Penguins zone.
17:32 of 2nd period - Wrist shot by Josh Jooris.
17:32 of 2nd period - Shot Misses the Net.
17:34 of 2nd period - Wrist shot by Josh Jooris.
17:34 of 2nd period - Stopped by Eric Comrie with a rebound.
17:36 of 2nd period - Slapshot by Andrew O'Brien.
17:36 of 2nd period - Stopped by Eric Comrie without a rebound.
17:37 of 2nd period - Christian Hanson wins face-off versus Frederick Gaudreau in Monsters zone.
18:05 of 2nd period - Off-side.
18:06 of 2nd period - Cedric Paquette wins face-off versus Ryan Fitzgerald in neutral zone.
18:15 of 2nd period - Snap shot by Ryan Fitzgerald.
18:15 of 2nd period - Stopped by Anthony Stolarz without a rebound.
18:16 of 2nd period - Cedric Paquette wins face-off versus Christian Hanson in Penguins zone.
18:16 of 2nd period - Cedric Paquette is hit by Dillon Heatherington.
18:33 of 2nd period - Off-side.
18:34 of 2nd period - Kyle Connor wins face-off versus Mitch Marner in neutral zone.
18:43 of 2nd period - Snap shot by Frederick Gaudreau.
18:43 of 2nd period - Shot Misses the Net.
19:17 of 2nd period - Minor Penalty to Matt Grzelcyk for Interference.
19:18 of 2nd period - Matt Calvert wins face-off versus Cedric Paquette in Monsters zone.
19:31 of 2nd period - Slapshot by Andrew O'Brien.
19:31 of 2nd period - Stopped by Eric Comrie with a rebound.
Goals for this period are 1 for Penguins vs 3 for Monsters.
Shots for this period are 15 for Penguins vs 15 for Monsters.
3rd period
0:01 of 3rd period - Matt Calvert wins face-off versus Cedric Paquette in neutral zone.
0:12 of 3rd period - Wrist shot by Josh Jooris.
0:12 of 3rd period - Stopped by Eric Comrie without a rebound.
0:13 of 3rd period - Matt Calvert wins face-off versus Cedric Paquette in Monsters zone.
1:17 of 3rd period - Penalty to Matt Grzelcyk is over, Matt Grzelcyk is back on ice.
1:23 of 3rd period - Curtis Hamilton is hit by Patrik Laine and loses puck.
1:34 of 3rd period - Snap shot by Patrik Laine.
1:34 of 3rd period - Deflect By Richard Nejezchleb.
1:34 of 3rd period - Stopped by Anthony Stolarz with a rebound.
2:04 of 3rd period - Christopher Tanev is hit by Bobby Farnham and loses puck.
2:15 of 3rd period - Snap shot by Bobby Farnham.
2:15 of 3rd period - Shot Misses the Net.
2:25 of 3rd period - Ondrej Kase is hit by Josh Jooris.
2:31 of 3rd period - Icing by Christopher Tanev.
2:32 of 3rd period - Ryan Fitzgerald wins face-off versus Cedric Paquette in Penguins zone.
2:35 of 3rd period - Snap shot by Ryan Fitzgerald.
2:35 of 3rd period - Goal by Ryan Fitzgerald - Penguins : 2 - Monsters : 5.
2:36 of 3rd period - Christian Hanson wins face-off versus Cedric Paquette in neutral zone.
3:08 of 3rd period - Andrew O'Brien is hit by Austin Watson and loses puck.
3:23 of 3rd period - Wrist shot by Bobby Farnham.
3:23 of 3rd period - Shot Misses the Net.
3:45 of 3rd period - Anthony Beauvillier is hit by Matt Grzelcyk and loses puck.
4:29 of 3rd period - Slapshot by Gavin Bayreuther.
4:29 of 3rd period - Stopped by Eric Comrie with a rebound.
4:46 of 3rd period - Slapshot by Matt Calvert.
4:46 of 3rd period - Shot Blocked by John Marino.
4:48 of 3rd period - Slapshot by Christian Hanson.
4:48 of 3rd period - Shot Blocked by John Marino.
4:50 of 3rd period - Slapshot by Morgan Rielly.
4:50 of 3rd period - Stopped by Anthony Stolarz without a rebound.
4:51 of 3rd period - Ryan Fitzgerald wins face-off versus Cedric Paquette in Penguins zone.
5:00 of 3rd period - Slapshot by Josh Jooris.
5:00 of 3rd period - Shot Misses the Net.
5:02 of 3rd period - Snap shot by Josh Jooris.
5:02 of 3rd period - Goal by Josh Jooris - Penguins : 3 - Monsters : 5.
5:03 of 3rd period - Ryan Fitzgerald wins face-off versus Cedric Paquette in neutral zone.
5:33 of 3rd period - Aaron Ness is hit by Vince Hinostroza and loses puck.
5:51 of 3rd period - Minor Penalty to Adam Brooks for High sticking.
5:52 of 3rd period - Christian Hanson wins face-off versus Cedric Paquette in Penguins zone.
5:55 of 3rd period - Slapshot by Ondrej Kase.
5:55 of 3rd period - Goal by Ondrej Kase - Penguins : 3 - Monsters : 6.
5:56 of 3rd period - Christian Hanson wins face-off versus Cedric Paquette in neutral zone.
6:11 of 3rd period - Aaron Ness is hit by Andrew O'Brien and loses puck.
6:47 of 3rd period - Off-side.
6:48 of 3rd period - Maxim Mamin wins face-off versus Adam Brooks in neutral zone.
7:01 of 3rd period - Snap shot by Iven Barbashev.
7:01 of 3rd period - Shot Misses the Net.
7:03 of 3rd period - Slapshot by Dakota Mermis.
7:03 of 3rd period - Stopped by Eric Comrie with a rebound.
7:09 of 3rd period - Minor Penalty to Matt Grzelcyk for Hooking.
7:10 of 3rd period - Matt Calvert wins face-off versus Josh Jooris in Monsters zone.
7:38 of 3rd period - Off-side.
7:39 of 3rd period - Frederick Gaudreau wins face-off versus Matt Calvert in neutral zone.
7:56 of 3rd period - Matt Calvert is hit by Andy Andreoff and loses puck.
8:05 of 3rd period - Snap shot by Josh Jooris.
8:05 of 3rd period - Stopped by Eric Comrie with a rebound.
8:27 of 3rd period - Morgan Rielly is hit by Frederick Gaudreau and loses puck.
8:37 of 3rd period - Icing by Christopher Tanev.
8:38 of 3rd period - Joakim Nordstrom wins face-off versus Kyle Connor in Penguins zone.
8:45 of 3rd period - Slapshot by Joakim Nordstrom.
8:45 of 3rd period - Shot Hit the Post.
8:55 of 3rd period - Snap shot by Frederick Gaudreau.
8:55 of 3rd period - Stopped by Eric Comrie without a rebound.
8:56 of 3rd period - Matt Calvert wins face-off versus Cedric Paquette in Monsters zone.
8:56 of 3rd period - Matt Calvert is hit by Josh Jooris.
9:06 of 3rd period - Wrist shot by Cedric Paquette.
9:06 of 3rd period - Stopped by Eric Comrie with a rebound.
9:08 of 3rd period - Snap shot by Andy Andreoff.
9:08 of 3rd period - Shot Misses the Net.
9:09 of 3rd period - Penalty to Matt Grzelcyk is over, Matt Grzelcyk is back on ice.
9:44 of 3rd period - Andrew O'Brien is hit by Maxim Mamin and loses puck.
10:09 of 3rd period - Slapshot by Patrik Laine.
10:09 of 3rd period - Shot Misses the Net.
10:11 of 3rd period - Snap shot by Nathan Noel.
10:11 of 3rd period - Shot Misses the Net.
10:13 of 3rd period - Slapshot by Morgan Rielly.
10:13 of 3rd period - Stopped by Anthony Stolarz with a rebound.
11:35 of 3rd period - Wrist shot by Juuso Ikonen.
11:35 of 3rd period - Shot Misses the Net.
11:37 of 3rd period - Slapshot by Danny Biega.
11:37 of 3rd period - Stopped by Eric Comrie with a rebound.
11:39 of 3rd period - Wrist shot by Juuso Ikonen.
11:39 of 3rd period - Shot Misses the Net.
11:41 of 3rd period - Snap shot by Anthony Beauvillier.
11:41 of 3rd period - Stopped by Eric Comrie with a rebound.
11:43 of 3rd period - Wrist shot by Denis Malgin.
11:43 of 3rd period - Stopped by Eric Comrie with a rebound.
11:55 of 3rd period - Adam Brooks is hit by Bobby Farnham and loses puck.
13:41 of 3rd period - Gavin Bayreuther is hit by Ondrej Kase and loses puck.
14:29 of 3rd period - Adam Brooks is hit by Nathan Noel and loses puck.
14:40 of 3rd period - Vince Hinostroza is hit by Maxim Mamin and loses puck.
14:57 of 3rd period - Cedric Paquette is hit by Ondrej Kase and loses puck.
15:04 of 3rd period - Andy Andreoff is hit by Christian Hanson and loses puck.
15:17 of 3rd period - Gavin Bayreuther is hit by Ryan Fitzgerald and loses puck.
15:24 of 3rd period - Wrist shot by Austin Watson.
15:24 of 3rd period - Shot Misses the Net.
15:36 of 3rd period - Wrist shot by Vince Hinostroza.
15:36 of 3rd period - Shot Misses the Net.
15:44 of 3rd period - Tarmo Reunanen is hit by Kyle Connor and loses puck.
15:58 of 3rd period - Minor Penalty to Matt Grzelcyk for Tripping.
15:59 of 3rd period - Cedric Paquette wins face-off versus Matt Calvert in Monsters zone.
16:10 of 3rd period - Wrist shot by Josh Jooris.
16:10 of 3rd period - Stopped by Eric Comrie with a rebound.
16:12 of 3rd period - Snap shot by Josh Jooris.
16:12 of 3rd period - Goal by Josh Jooris - Penguins : 4 - Monsters : 6.
16:13 of 3rd period - Adam Brooks wins face-off versus Christian Hanson in neutral zone.
16:38 of 3rd period - Morgan Rielly is hit by Andrew O'Brien.
16:46 of 3rd period - Slapshot by Aaron Ness.
16:46 of 3rd period - Stopped by Anthony Stolarz with a rebound.
17:18 of 3rd period - Matt Grzelcyk is hit by Denis Malgin and loses puck.
17:23 of 3rd period - Wrist shot by Ryan Fitzgerald.
17:23 of 3rd period - Deflect By Austin Watson.
17:23 of 3rd period - Shot Misses the Net.
17:23 of 3rd period - Puck is out of play.
17:24 of 3rd period - Adam Brooks wins face-off versus Ryan Fitzgerald in Penguins zone.
17:35 of 3rd period - Wrist shot by Austin Watson.
17:35 of 3rd period - Stopped by Anthony Stolarz with a rebound.
17:43 of 3rd period - Slapshot by Mitch Marner.
17:43 of 3rd period - Deflect By Austin Watson.
17:43 of 3rd period - Shot Blocked by Dakota Mermis.
17:43 of 3rd period - Puck is out of play.
17:44 of 3rd period - Matt Calvert wins face-off versus Cedric Paquette in Penguins zone.
17:45 of 3rd period - Snap shot by Ondrej Kase.
17:45 of 3rd period - Shot Misses the Net.
17:47 of 3rd period - Slapshot by Tarmo Reunanen.
17:47 of 3rd period - Stopped by Anthony Stolarz with a rebound.
17:49 of 3rd period - Wrist shot by Matt Calvert.
17:49 of 3rd period - Shot Blocked by Cedric Paquette.
17:51 of 3rd period - Slapshot by Matt Calvert.
17:51 of 3rd period - Stopped by Anthony Stolarz without a rebound.
17:52 of 3rd period - Christian Hanson wins face-off versus Cedric Paquette in Penguins zone.
18:03 of 3rd period - Matt Calvert is hit by Andy Andreoff and loses puck.
18:38 of 3rd period - Christian Hanson is hit by Josh Jooris.
18:48 of 3rd period - Minor Penalty to Christian Hanson for Holding Stick.
18:49 of 3rd period - Matt Calvert wins face-off versus Frederick Gaudreau in Monsters zone.
19:05 of 3rd period - Slapshot by Andrew O'Brien.
19:05 of 3rd period - Shot Misses the Net.
19:47 of 3rd period - Wrist shot by Francis Perron.
19:47 of 3rd period - Shot Misses the Net.
Goals for this period are 2 for Penguins vs 2 for Monsters.
Shots for this period are 12 for Penguins vs 9 for Monsters.